 Dungeon Crawl Stone Soup version 0.28.0-45-g0d030f2227 (console) character file.

Game seed: 17672473669683315981

398 Zeor the Slasher (level 6, -11/51 HPs)
             Began as a Palentonga Berserker on Apr 7, 2022.
             Was a Priest of Trog.
             Mangled by an ogre
             ... wielding a +0 giant club
              (19 damage)
             ... on level 5 of the Dungeon.
             The game lasted 00:08:20 (2957 turns).

Zeor the Slasher (Palentonga Berserker)             Turns: 2957, Time: 00:08:20

Health: -11/51     AC:  6    Str: 23    XL:     6   Next: 53%
Magic:  6/6        EV:  8    Int:  7    God:    Trog [***...]
Gold:   82         SH:  0    Dex:  9    Spells: 5/5 levels left

rFire   . . .      SeeInvis +   a - +0 falchion
rCold   . . .      Faith    .   (no shield)
rNeg    . . .      Spirit   .   j - +0 scale mail
rPois   .          Reflect  .   (no helmet)
rElec   .          Harm     .   (no cloak)
rCorr   .          Rampage  .   (no gloves)
Will    .....                   (no barding)
Stlth   ..........              (no amulet)
HPRegen 0.17/turn               (no ring)
MPRegen 0.10/turn               (no ring)

@: on berserk cooldown, slowed, very slow
A: large, rugged brown scales 3, see invisible, deformed body, roll 1, armoured
tail
a: Rolling Charge, Renounce Religion, Berserk, Trog's Hand


You were on level 5 of the Dungeon.
You worshipped Trog.
Trog was most pleased with you.
You visited 1 branch of the dungeon, and saw 5 of its levels.

You collected 82 gold pieces.

Inventory:

Hand Weapons
 a - a +0 falchion (weapon)
Missiles
 e - 24 bolts
Armour
 j - a +0 scale mail (worn)
Wands
 b - a wand of digging (2)
Scrolls
 d - a scroll of teleportation
 i - a scroll of magic mapping
Potions
 c - 2 potions of mutation
 f - a potion of haste
 h - 2 potions of resistance


   Skills:
 + Level 3.6 Fighting
 * Level 6.1 Long Blades
 * Level 2.8 Armour
 + Level 2.2 Dodging
 + Level 0.1 Stealth


You had 5 spell levels left.
You didn't know any spells.
Your spell library was empty.

Dungeon Overview and Level Annotations

Branches:
Dungeon (6/15)
 Temple: D:4-7

Altars:
Yredelemnul


Innate Abilities, Weirdness & Mutations

You are completely covered in rugged brown scales. (AC +3, +7% HP)
You have supernaturally acute eyesight. (SInv)
Armour fits poorly on your strangely shaped body.
You can roll at nearby foes to attack.
You have a long armoured tail.


Message History

You writhe in agony.
* * * LOW HITPOINT WARNING * * *
Grinder gestures at you.
You barely resist. Grinder gestures at you.
You shrug off the repeated paralysis!
Grinder blinks!
You can move again.
Okay, then.
Roll where?
Press: ? - help, Q - select action, (/) - cycle Dir - move target, f/p - Grinder
Aim: Grinder (almost dead)
You roll forward with a clatter of scales!
You closely miss Grinder.
Your tail-slap misses Grinder.
Grinder is almost dead.
You hear a shout!
Grinder gestures at you. Pain shoots through your body!
* * * LOW HITPOINT WARNING * * *
You hit Grinder but do no damage.
Grinder is almost dead.
Grinder barely misses you.
An ogre comes into view. It is wielding a +0 giant club.
Grinder completely misses you.
You hit Grinder.
Grinder is almost dead.
Grinder blinks!
Roll where?
Press: ? - help, Q - select action, (/) - cycle Dir - move target, f/p - Grinder
Aim: Grinder (almost dead)
You roll forward with a clatter of scales!
You barely miss Grinder. You tail-slap Grinder.
You kill Grinder!
Trog accepts your kill.
Your Long Blades skill increases to level 6!
You have reached level 6!
The ogre hits you with a +0 giant club!!
You die...

∙∙∙∙∙▒>∙∙▒▒▒ ▒▒
▒∙∙∙∙∙∙∙▒ ∙∙▒▒∙∙∙∙∙∙∙▒
∙∙∙∙∙∙∙∙∙∙∙▒
▒∙▒∙∙▒∙∙∙▒▒▒▒▒
∙∙∙∙∙∙▒∙∙∙∙∙∙∙▒▒▒
▒∙∙∙∙∙∙∙∙∙∙∙∙∙▒∙▒▒
∙▒▒∙▒▒∙∙∙∙∙∙∙∙∙∙▒▒▒∙∙∙
▒ ▒∙∙∙∙∙∙∙OH∙∙∙∙▒
▒∙∙∙∙∙∙∙∙∙∙▒▒▒∙▒
▒∙∙∙∙∙∙∙▒∙▒▒
▒∙∙∙∙∙∙∙▒▒▒ ▒▒▒▒∙▒▒▒▒
▒∙∙▒ ∙∙∙▒▒


∙∙∙∙∙ ∙∙∙▒▒∙▒ You could see an ogre.

Vanquished Creatures
  Grinder (D:5)
  An orc priest (D:3)
  Jessica (D:2)
  An orc wizard (D:6)
  4 adders (D:2)
  6 orcs
  5 ball pythons
  5 bats
  7 endoplasms
  3 giant cockroaches
  6 goblins
  6 hobgoblins
  10 jackals (D:3)
  5 quokkas
  5 frilled lizards
  7 kobolds
  5 rats
78 creatures vanquished.

Vanquished Creatures (others)
  An endoplasm (D:2)
  2 fungi (D:1)
  3 plants (D:1)
6 creatures vanquished.

Grand Total: 84 creatures vanquished

Notes
Turn   | Place    | Note
-------+----------+-------------------------------------------
     0 | D:1      | Zeor the Palentonga Berserker began the quest for the Orb.
     0 | D:1      | Reached XP level 1. HP: 19/19 MP: 1/1
   198 | D:1      | Reached XP level 2. HP: 23/25 MP: 2/2
   220 | D:1      | Found a faded altar of an unknown god.
   809 | D:1      | Reached ** piety under Trog
   810 | D:1      | Reached XP level 3. HP: 23/31 MP: 3/3
  1148 | D:2      | Reached skill level 4 in Long Blades
  1420 | D:2      | Reached XP level 4. HP: 33/37 MP: 4/4
  1463 | D:2      | Noticed Jessica
  1466 | D:2      | Killed Jessica
  2764 | D:3      | Reached skill level 5 in Long Blades
  2764 | D:3      | Reached XP level 5. HP: 43/43 MP: 5/5
  2770 | D:3      | Reached *** piety under Trog
  2878 | D:3      | You fall into a shaft and drop 3 floors!
  2915 | D:6      | Found a basalt altar of Yredelemnul.
  2927 | D:5      | Entered Level 5 of the Dungeon
  2931 | D:5      | Noticed Grinder
  2944 | D:5      | Paralysed by Grinder for 6 turns
  2951 | D:5      | Noticed an ogre
  2953 | D:5      | Killed Grinder
  2954 | D:5      | Reached skill level 6 in Long Blades
  2954 | D:5      | Reached XP level 6. HP: 7/51 MP: 6/6
  2957 | D:5      | Mangled by an ogre

Illustrated notes

Levels and vault maps discovered:
D:1:      lightli_arrival_chessboard, layout_basic,
          shapermc_ecumenical_altar_gd, st_stairs_3, minmay_vboxes
D:2:      layout_basic, lemuel_flame_loot_1, uniq_jessica
D:3:      kennysheep_goblin_castle, layout_basic
D:5:      minmay_spotlight, layout_loops_cross, minmay_misc_feat_rows,
          uniq_grinder
D:6:      layout_basic, nicolae_overflow_crystal_walls,
          nicolae_wooded_promenade, uniq_eustachio

Skill      XL: |  1  2  3  4  5 |
---------------+----------------+-----
Long Blades    | 4 5 6 |  6.1
Dodging        | 2 |  2.2
Armour         | 2 |  2.8
Fighting       | |  3.6
Stealth        | |  0.1

Action                   |  1- 3 |  4- 6 || total
-------------------------+-------+-------++-------
Melee: Falchion          |   108 |   106 ||   214
       Tailslap          |     7 |    11 ||    18
Invok: Berserk           |       |     1 ||     1
 Abil: Rolling Charge    |    18 |    19 ||    37
  Use: Scroll            |     5 |     4 ||     9
Armor: Animal skin       |    24 |     5 ||    29
       Scale mail        |       |    31 ||    31
Dodge: Dodged            |    66 |    36 ||   102
